 Dungeon Crawl Stone Soup version 0.22-a0-248-gc8378ba (webtiles) character file.

1549 sankara the Basher (level 8, -3/66 HPs)
             Began as a Hill Orc Fighter on Feb 28, 2018.
             Was a Follower of Okawaru.
             Slain by an orc warrior (4 damage)
             ... in a bailey.
             The game lasted 00:26:23 (7542 turns).

sankara the Basher (Hill Orc Fighter)               Turns: 7542, Time: 00:26:24

Health: -3/66      AC: 13    Str: 19    XL:     8   Next: 87%
Magic:  2/8        EV:  7    Int: 15    God:    Okawaru [*.....]
Gold:   251        SH:  9    Dex: 12    Spells: 5/7 levels left

rFire    . . .     SeeInvis .   a - +0 whip
rCold    . . .     Gourm    .   c - +0 shield
rNeg     . . .     Faith    .   s - +0 scale mail
rPois    .         Spirit   .   (no helmet)
rElec    .         Reflect  .   m - +1 cloak
rCorr    .         Harm     .   (no gloves)
MR       +....                  (no boots)
Stlth    ..........             w - amulet of the acrobat
HPRegen  0.61/turn              n - +4 ring of protection
MPRegen  0.11/turn              p - +5 ring of intelligence

@: no status effects
A: hooves 1, agile 1, magic resistance 1, regeneration 1
a: Heroism, Renounce Religion


You were in a bailey.
You worshipped Okawaru.
Okawaru was aware of your devotion.
You were not hungry.

You visited 1 branch of the dungeon, and saw 7 of its levels.
You also visited: Bailey.

You collected 251 gold pieces.

Inventory:

Hand Weapons
 a - a +0 whip (weapon)
   (You found it on level 1 of the Dungeon)
 b - a +0 hunting sling
   (You took it off a goblin on level 3 of the Dungeon)
 t - the +5 spear of Mephaag {antimagic, rC+}
   (You found it on level 4 of the Dungeon)

   It reduces the magical energy of the wielder, and disrupts the spells and
   magical abilities of those hit.
   Natural abilities and divine invocations are not affected.
   It protects you from cold.
 D - a +0 flail of protection
   (You found it on level 7 of the Dungeon)
Missiles
 h - 145 stones (quivered)
Armour
 c - a +0 shield (worn)
 m - a +1 cloak (worn)
   (You found it on level 2 of the Dungeon)
 s - a +0 scale mail (worn)
Jewellery
 n - a +4 ring of protection (left hand)
   (You found it on level 2 of the Dungeon)
 p - a +5 ring of intelligence (right hand)
   (You took it off a kobold on level 2 of the Dungeon)
 w - an amulet of the acrobat (around neck)
   (You found it on level 6 of the Dungeon)
Wands
 u - a wand of iceblast (6)
   (You found it on level 6 of the Dungeon)
 v - a wand of paralysis (12)
   (You found it on level 3 of the Dungeon)
 z - a wand of acid (4)
   (You found it on level 5 of the Dungeon)
 B - a wand of disintegration (21)
   (You found it on level 4 of the Dungeon)
Scrolls
 e - a scroll of remove curse
 j - 2 scrolls of identify
 k - a scroll of amnesia
 x - a scroll of magic mapping {!r}
 y - 2 scrolls of teleportation {unknown}
 C - a scroll of blinking {unknown}
Potions
 d - 2 potions of might
 i - 3 potions of curing {unknown}
 l - 2 potions of cancellation {unknown}
 o - a potion of heal wounds
 q - a potion of lignification {unknown}
 r - a potion of degeneration {unknown}
 A - a potion of berserk rage {unknown}
 E - a potion of haste {unknown}
 G - 2 potions of flight {unknown}
 H - a potion of ambrosia {unknown}
Comestibles
 f - 4 rations
 F - 3 chunks of flesh {@w0}


   Skills:
 + Level 4.0 Fighting
 + Level 11.4 Maces & Flails
 + Level 3.6 Armour
 + Level 0.7 Dodging
 + Level 3.6 Shields
 + Level 0.0 Invocations


You had 5 spell levels left.
You knew the following spells:

 Your Spells              Type           Power        Failure   Level  Hunger
a - Call Imp              Summ           #.......     99%         2    ###....


Dungeon Overview and Level Annotations

Branches:
Dungeon (7/15)             Temple (0/1) D:6

Altars:
Dithmenos
Fedhas
Gozag
Hepliaklqana
Makhleb
Okawaru
Sif Muna
Trog
The Shining One

Shops:
D:7 ?

Annotations:
D:7 sankara's ghost, novice HOFi


Innate Abilities, Weirdness & Mutations

You have large cloven feet.
You are agile. (Dex +2)
You are resistant to hostile enchantments. (MR+)
Your natural rate of healing is unusually fast.


Message History

Press: ? - help, Dir - move target cursor, f/p - orc warrior
Aim: an orc warrior, wielding an arbalest and wearing a ring mail (lightly wounded)
You reach to attack!
You puncture the orc warrior!
The orc warrior is moderately wounded.
The orc warrior misses you. The orc closely misses you. The orc misses you.
The orc warrior shoots a bolt.
The bolt barely misses you. The orc misses you.
The orc warrior shoots a bolt.
The bolt barely misses you.
There is an empty arch of ancient stone, spattered with blood here.
You see here a bolt.
There is a gate leading back out of this place here.
You see here 2 bolts.
Attack whom?
Press: ? - help, Dir - move target cursor, f - orc, p - orc warrior
Aim: an orc, wielding a trident and wearing a chain mail You reach to attack!
You hit the orc.
The orc is heavily wounded.
You feel like a meek peon again.
The orc warrior shoots a bolt.
The bolt hits you!
* * * LOW HITPOINT WARNING * * *
You block the orc's attack.
Attack whom?
Press: ? - help, Dir - move target cursor, f/p - orc
Aim: an orc, wielding a trident and wearing a chain mail (heavily wounded)
You reach to attack!
Your shield and scale mail prevent you from hitting the orc.
The orc is heavily wounded.
The orc hits you but does no damage.
The orc warrior shoots a bolt.
The bolt hits you!
* * * LOW HITPOINT WARNING * * *
Attack whom?
Press: ? - help, Dir - move target cursor, f/p - orc
Aim: an orc, wielding a trident and wearing a chain mail (moderately wounded)
You reach to attack!
You hit the orc but do no damage.
The orc is moderately wounded.
You block the orc's attack.
You feel much better. The orc hits you but does no damage.
You don't have enough magic at the moment.
Attack whom?
Press: ? - help, Dir - move target cursor, f/p - orc
Aim: an orc, wielding a trident and wearing a chain mail (moderately wounded)
You reach to attack!
You hit the orc but do no damage.
The orc is moderately wounded.
The orc hits you but does no damage.
Attack whom?
Press: ? - help, Dir - move target cursor, f/p - orc
Aim: an orc, wielding a trident and wearing a chain mail (moderately wounded)
You reach to attack!
You barely miss the orc.
The orc is moderately wounded.
You block the orc's attack.
The orc warrior shoots a bolt.
The bolt hits you!
Attack whom?
Press: ? - help, Dir - move target cursor, f/p - orc
Aim: an orc, wielding a trident and wearing a chain mail (moderately wounded)
You reach to attack!
You hit the orc but do no damage.
The orc is moderately wounded.
The orc closely misses you.
Attack whom?
Press: ? - help, Dir - move target cursor, f/p - orc
Aim: an orc, wielding a trident and wearing a chain mail (moderately wounded)
You reach to attack!
You closely miss the orc.
The orc is moderately wounded.
The orc closely misses you.
The orc warrior shoots a bolt.
The bolt hits you!
* * * LOW HITPOINT WARNING * * *
Attack whom?
Press: ? - help, Dir - move target cursor, f/p - orc
Aim: an orc, wielding a trident and wearing a chain mail (moderately wounded)
You reach to attack!
You hit the orc but do no damage.
The orc is moderately wounded.
You block the orc's attack.
The orc warrior shoots a bolt.
The bolt hits you but does no damage.
Wield which item (- for none, * to show all)? (? for menu, Esc to quit)
You feel magic returning to you.
a - a +0 whip (weapon)
The orc hits you but does no damage.
The orc warrior unwields an uncursed arbalest.
The orc warrior closely misses you. You block the orc's attack.
You hit the orc.
The orc is severely wounded.
You hit the orc but do no damage. Your kick misses the orc.
The orc is severely wounded.
The orc warrior hits you!
* * * LOW HITPOINT WARNING * * *
You block the orc's attack.
You barely miss the orc.
The orc is severely wounded.
You block the orc warrior's attack.
You hit the orc.
You kill the orc!
Okawaru accepts your kill.
You whack the orc warrior!
The orc warrior is heavily wounded.
The orc warrior hits you.
* * * LOW HITPOINT WARNING * * *
You barely miss the orc warrior. You kick the orc warrior.
The orc warrior is heavily wounded.
Your scale mail prevents you from hitting the orc warrior.
You kick the orc warrior, but do no damage.
The orc warrior is heavily wounded.
The orc warrior hits you.
You die...

## #### ##∩##
######
....##...##.....##
≈≈≈..#...#..≈≈≈..#
≈o≈≈.......≈≈o≈≈.#
oo≈......(≈oo.≈.+
o≈≈.......≈≈o≈≈.#
≈..#.)o#..≈≈≈..#
#.(@##.....##
##∩## ###### ###


You could see 2 orc warriors and 2 orcs.

Vanquished Creatures
  A hippogriff (D:6)
  Menkaure (D:5)
  A water moccasin (D:7)
  An orc warrior (D:6)
  A phantom (D:4)
  2 bullfrogs
  3 scorpions
  4 wights (D:6)
  A howler monkey (D:4)
  2 crimson imps
  2 orc wizards (D:5)
  A bullfrog skeleton (D:6)
  2 iguanas (D:4)
  4 worker ants
  Ijyb (D:5)
  A worker ant zombie (D:5)
  4 adders
  An adder zombie (D:5)
  2 worms
  3 dart slugs
  4 leopard geckos
  13 orcs
  3 ball pythons
  5 bats
  8 giant cockroaches
  10 goblins
  8 hobgoblins
  11 jackals
  5 kobolds
  2 quokkas (D:3)
  5 frilled lizards
  A jackal skeleton (D:4)
  A jackal zombie (D:5)
  A quokka skeleton (D:5)
  3 rats
118 creatures vanquished.

Notes
Turn   | Place    | Note
-------+----------+-------------------------------------------
     0 | D:1      | sankara the Hill Orc Fighter began the quest for the Orb.
     0 | D:1      | Reached XP level 1. HP: 19/19 MP: 1/1
   198 | D:1      | Reached skill level 3 in Maces & Flails
   198 | D:1      | Reached XP level 2. HP: 26/26 MP: 2/2
   779 | D:2      | Found an iron altar of Okawaru.
   804 | D:2      | Became a worshipper of Warmaster Okawaru
   869 | D:2      | Reached XP level 3. HP: 31/31 MP: 3/3
  1151 | D:2      | Reached skill level 4 in Maces & Flails
  1217 | D:2      | Found an opulent altar of Gozag.
  1252 | D:2      | Found a bloodstained altar of Trog.
  1478 | D:3      | Found a burning altar of Makhleb.
  1478 | D:3      | Found a hazy altar of Hepliaklqana.
  1478 | D:3      | Found a blossoming altar of Fedhas.
  1478 | D:3      | Found a glowing golden altar of the Shining One.
  1520 | D:2      | Reached XP level 4. HP: 20/39 MP: 4/4
  1763 | D:3      | Reached skill level 5 in Maces & Flails
  1771 | D:3      | HP: 9/39 [poisoned by a worker ant]
  1779 | D:3      | HP: 8/39 [poisoned by a worker ant]
  2080 | D:3      | Found a faded altar of an unknown god.
  2152 | D:3      | Learned a level 2 spell: Call Imp
  2589 | D:3      | Reached XP level 5. HP: 45/45 MP: 5/5
  3292 | D:4      | Got a crystal spear
  3363 | D:4      | Reached skill level 6 in Maces & Flails
  3759 | D:4      | Found a shadowy altar of Dithmenos.
  3858 | D:4      | HP: 11/45 [poisoned by a scorpion]
  3859 | D:4      | HP: 4/45 [poisoned by a scorpion]
  3866 | D:4      | Reached XP level 6. HP: 17/51 MP: 6/6
  3870 | D:4      | HP: 12/51 [poisoned by a scorpion]
  3875 | D:4      | HP: 9/51 [poisoned by a scorpion]
  3880 | D:4      | HP: 7/51 [poisoned by a scorpion]
  3885 | D:4      | HP: 6/51 [poisoned by a scorpion]
  3892 | D:4      | HP: 5/51 [poisoned by a scorpion]
  3900 | D:4      | HP: 4/51 [poisoned by a scorpion]
  4195 | D:4      | Reached skill level 7 in Maces & Flails
  4211 | D:4      | Reached * piety under Okawaru
  4439 | D:5      | Entered Level 5 of the Dungeon
  4445 | D:5      | Noticed Menkaure
  4448 | D:5      | Noticed a phantom
  4784 | D:5      | Noticed Ijyb
  4803 | D:5      | Killed Ijyb
  4803 | D:5      | Reached skill level 8 in Maces & Flails
  4803 | D:5      | Reached XP level 7. HP: 27/57 MP: 4/7
  5334 | D:5      | Reached skill level 9 in Maces & Flails
  5476 | D:5      | Killed Menkaure
  5711 | D:5      | Found a deep blue altar of Sif Muna.
  5867 | D:6      | Reached XP level 8. HP: 64/64 MP: 5/8
  5888 | D:6      | Reached skill level 10 in Maces & Flails
  6238 | D:6      | Found a staircase to the Ecumenical Temple.
  6326 | D:6      | HP: 14/64 [bullfrog skeleton (3)]
  6599 | D:6      | Noticed a hippogriff
  6616 | D:6      | Killed a hippogriff
  6616 | D:6      | Reached skill level 11 in Maces & Flails
  6884 | D:6      | Got a vibrating copper ring
  6890 | D:6      | Identified the ring "Roopu" {rF- Dex+4 Stlth-} (You found it on level 6 of the Dungeon)
  6897 | D:6      | Identified the +5 spear of Mephaag {antimagic, rC+} (You found it on level 4 of the Dungeon)
  7325 | D:7      | Found Uwyh's Magic Scroll Emporium.
  7364 | D:7      | Reached ** piety under Okawaru
  7364 | D:7      | Reached skill level 4 in Fighting
  7372 | D:7      | Noticed a two-headed ogre
  7381 | D:7      | Noticed sankara's ghost (novice HOFi)
  7388 | D:7      | HP: 3/66 [two-headed ogre/giant club (22)]
  7394 | D:7      | Gained mutation: Your natural rate of healing is unusually fast. [potion of mutation]
  7394 | D:7      | Gained mutation: You have large cloven feet. [potion of mutation]
  7394 | D:7      | Gained mutation: You are resistant to hostile enchantments. (MR+) [potion of mutation]
  7394 | D:7      | Gained mutation: You are agile. (Dex +2) [potion of mutation]
  7495 | D:7      | Found a flagged portal.
  7509 | Bailey   | Entered a bailey
  7526 | Bailey   | HP: 6/66 [orc warrior/bolt (13)]
  7532 | Bailey   | HP: 13/66 [orc warrior/bolt (9)]
  7537 | Bailey   | HP: 3/66 [orc warrior (13)]
  7540 | Bailey   | HP: 1/66 [orc warrior (3)]
  7542 | Bailey   | Slain by an orc warrior

Vault maps used:
D:1:      dpeg_arrival_boxes_within_box, serial_park_tiny_2
D:2:      lemuel_coloured_pillars_altar, lemuel_round_altar,
          okawaru_metal_pillars_3, grunt_decor_one_mirror
D:3:      chequers_temple_overflow_statue_of_worship,
          chequers_ecumenical_altar_lobes
D:4:      kennysheep_mini_moat
D:5:      first_ration, led_sif_book, uniq_menkaure, uniq_ijyb
D:6:      minmay_temple_entry_statues
D:7:      enter_bailey_3, serial_shops, shop
Bailey:   bailey_polearm_4, bailey

Skill      XL: |  1  2  3  4  5  6  7  8 |
---------------+-------------------------+-----
Maces & Flails | 3 4 5 6 8 9 11 | 11.4
Fighting       | 4 |  4.0
Armour         | |  3.6
Dodging        | |  0.7
Shields        | |  3.6

Action                   |  1- 3 |  4- 6 |  7- 9 || total
-------------------------+-------+-------+-------++-------
Melee: Whip              |   156 |   326 |   331 ||   813
       Flail             |     2 |       |       ||     2
       Spear             |       |       |    13 ||    13
       Kick              |       |       |     3 ||     3
 Fire: Hunting sling     |       |    65 |    62 ||   127
Invok: Heroism           |       |     1 |     9 ||    10
  Use: Potion            |       |     2 |     2 ||     4
       Scroll            |       |       |     8 ||     8
 Stab: Invisible         |       |     1 |       ||     1
  Eat: Chunk             |     2 |    11 |     5 ||    18
       Ration            |       |       |     1 ||     1
Armor: Scale mail        |    84 |   173 |   102 ||   359
Dodge: Dodged            |    63 |   121 |    75 ||   259
Block: Shield            |    88 |   143 |   125 ||   356

Table legend:
 A = Spawn XP
 B = Non-spawn XP
 C = Spawn XP percentage of total XP
 D = Spawn monster count
 E = Non-spawn monster count
 F = Spawn count percentage of total count
 G = Total turns spent on level
                    A         B        C        D         E        F      G
               +---------+---------+-------+---------+---------+-------+---------
         Total |       0 |    2214 |   0.0 |       0 |     118 |   0.0 |  7542
               +---------+---------+-------+---------+---------+-------+---------
           D:1 |       0 |      24 |   0.0 |       0 |      13 |   0.0 |   737
           D:2 |       0 |      57 |   0.0 |       0 |      17 |   0.0 |   940
           D:3 |       0 |     144 |   0.0 |       0 |      25 |   0.0 |  1443
           D:4 |       0 |     519 |   0.0 |       0 |      23 |   0.0 |  2002
           D:5 |       0 |     450 |   0.0 |       0 |      18 |   0.0 |   679
           D:6 |       0 |     769 |   0.0 |       0 |      15 |   0.0 |  1554
           D:7 |       0 |     248 |   0.0 |       0 |       6 |   0.0 |   154
        Bailey |       0 |       3 |   0.0 |       0 |       1 |   0.0 |    33
               +---------+---------+-------+---------+---------+-------+---------

Vault maps used:
D:1:      dpeg_arrival_boxes_within_box, serial_park_tiny_2
D:2:      lemuel_coloured_pillars_altar, lemuel_round_altar,
          okawaru_metal_pillars_3, grunt_decor_one_mirror
D:3:      chequers_temple_overflow_statue_of_worship,
          chequers_ecumenical_altar_lobes
D:4:      kennysheep_mini_moat
D:5:      first_ration, led_sif_book, uniq_menkaure, uniq_ijyb
D:6:      minmay_temple_entry_statues
D:7:      enter_bailey_3, serial_shops, shop
Bailey:   bailey_polearm_4, bailey

Table legend:
 A = Turns spent in this place as a percentage of turns spent in the entire game.
 B = Non-inter-level travel turns spent in this place as a percentage of non-inter-level travel turns spent in the entire game.
 C = Inter-level travel turns spent in this place as a percentage of turns spent in this place.
 D = Turns resting spent in this place as a percentage of non-inter-level travel turns spent in this place.
 E = Turns spent auto-exploring this place as a percentage of non-inter-level travel turns spent in this place.
 F = Non-inter-level travel turns spent in this place divided by the number of levels of this place that you've seen.
                   A       B       C       D       E      F
               +-------+-------+-------+-------+-------+----------------------
         Total | 100.0 | 100.0 |   3.0 |  30.8 |  45.1 | 914.1
       Dungeon |  99.6 |  99.5 |   3.0 |  30.9 |  45.3 | 1040.0
        Bailey |   0.4 |   0.5 |   0.0 |   0.0 |   0.0 |  33.0
               +-------+-------+-------+-------+-------+----------------------

Table legend:
 A = Kills in this place as a percentage of kills in entire the game.
 B = Kills by you in this place as a percentage of kills by you in the entire game.
 C = Kills by friends in this place as a percentage of kills by friends in the entire game.
 D = Other kills in this place as a percentage of other kills in the entire game.
 E = Experience gained in this place as a percentage of experience gained in the entire game.
 F = Experience gained in this place divided by the number of levels of this place that you have seen.
                   A       B       C       D       E      F
               +-------+-------+-------+-------+-------+----------------------
         Total | 100.0 | 100.0 |   N/A |   N/A | 100.0 | 276.8
       Dungeon |  99.2 |  99.2 |   N/A |   N/A |  99.9 | 315.9
        Bailey |   0.8 |   0.8 |   N/A |   N/A |   0.1 |   3.0
               +-------+-------+-------+-------+-------+----------------------
